 Dungeon Crawl Stone Soup version 0.18.1-6-gd335043 (webtiles) character file.

46 Gingerlord the Skirmisher (level 3, -2/30 HPs)
             Began as a Formicid Abyssal Knight on May 18, 2016.
             Was a Believer of Lugonu.
             Slain by a goblin
             ... wielding a +0 club
             ... led by Robin
              (6 damage)
             ... on level 1 of the Dungeon.
             The game lasted 00:03:31 (1423 turns).

Gingerlord the Skirmisher (Formicid Abyssal Knight) Turns: 1423, Time: 00:03:32

Health: -2/30      AC:  3    Str: 21    XL:     3   Next: 92%
Magic:  4/4        EV: 14    Int: 11    God:    Lugonu [**....]
Gold:   60         SH:  8    Dex: 16    Spells: 0 memorised, 2 levels left

rFire  . . .     SeeInvis +     a - +1 falchion
rCold  . . .     Gourm    .     b - +0 leather armour
rNeg   . . .     Faith    .     m - +0 shield
rPois  .         Spirit   .     (helmet unavailable)
rElec  .         Dismiss  .     (no cloak)
rCorr  .         Reflect  .     (no gloves)
SustAt .         Harm     .     (no boots)
MR     +....                    (no amulet)
Stlth  ++........               (no ring)
                                f - ring of protection from magic

@: mighty, agile, somewhat resistant to hostile enchantments, unstealthy
A: permanent stasis, dig shafts and tunnels, four strong arms, antennae 3
a: Dig, Shaft Self, Depart the Abyss, Bend Space, Renounce Religion


You were on level 1 of the Dungeon.
You worshipped Lugonu.
Lugonu was pleased with you.
You were not hungry.

You visited 1 branch of the dungeon, and saw 2 of its levels.
You visited the Abyss 1 time.

You collected 60 gold pieces.

Inventory:

Hand Weapons
 a - a +1 falchion (weapon)
Armour
 b - a +0 leather armour (worn)
 m - a +0 shield (worn)
Jewellery
 f - a ring of protection from magic (left hand)
Scrolls
 e - a scroll of remove curse {unknown}
 g - a scroll of teleportation {unknown}
 k - 2 scrolls of identify {unknown}
Potions
 d - a potion of cure mutation {unknown}
 i - a potion of magic {unknown}
 j - a potion of agility
 n - a potion of might
 o - a potion of brilliance {unknown}
Comestibles
 c - 2 bread rations
 l - a royal jelly
 p - a slice of pizza


   Skills:
 + Level 3.7 Fighting
 + Level 2.3 Long Blades
 + Level 2.7 Armour
 + Level 1.5 Dodging
 + Level 0.5 Shields
 + Level 2.6 Invocations


You had 2 spell levels left.
You didn't know any spells.

Dungeon Overview and Level Annotations

Branches:
Dungeon (2/15)

Altars:
Ashenzari

Annotations:
D:2 Robin


Innate Abilities, Weirdness & Mutations

You are under a permanent stasis effect.
You can dig through walls and to a lower floor.
Your four strong arms can wield two-handed weapons with a shield.
You have a pair of large antennae on your head (SInv).


Message History

The goblin misses you. You block the goblin's attack.
Things that are here:
a club; a goblin corpse
There is an escape hatch in the ceiling here.
You closely miss the goblin. The goblin hits you.
* * * LOW HITPOINT WARNING * * *
You block the goblin's attack. You block the hobgoblin's attack.
You are too injured to fight recklessly!
Unknown command.
You block the goblin's attack. The goblin barely misses you.
You block the hobgoblin's attack.
Robin says, "Bow before me, strongest of all the hobgoblins!"
A mysterious force pulls you upwards. The hatch slams shut behind you.
You barely miss the goblin.
The hobgoblin no longer looks unusually strong.
The goblin closely misses you. The goblin hits you with a club.
* * * LOW HITPOINT WARNING * * *
The hobgoblin barely misses you. The goblin misses you.
The goblin hits you with a club.
You die...

.........>#
####..###.#
#......####
####.#.#..#..#
.....#.#.....#
........#....#####
#................#
...........)..#..###
...............g@g.#
.......(.......g####
#######.......###
......'#........#
.......#.......##
..##...#....#..#
.####..#....#..#
.####..#......##
..##...#....####


You could see a hobgoblin and 2 goblins.

Vanquished Creatures
  3 dart slugs
  2 giant geckos
  A ball python (D:1)
  7 bats
  2 giant cockroaches (D:1)
  8 goblins
  2 hobgoblins
  2 giant newts
  5 kobolds
  4 rats
36 creatures vanquished.

Notes
Turn   | Place    | Note
--------------------------------------------------------------
     0 | Abyss:1  | Gingerlord the Formicid Abyssal Knight began the quest for the Orb.
     0 | Abyss:1  | Reached XP level 1. HP: 18/18 MP: 2/2
    86 | D:1      | Escaped the Abyss
   111 | D:1      | Reached * piety under Lugonu
   264 | D:1      | Reached XP level 2. HP: 9/24 MP: 3/3
   327 | D:1      | Reached skill level 1 in Dodging
   836 | D:2      | Found a faded altar to an unknown god.
   843 | D:2      | Reached XP level 3. HP: 29/30 MP: 4/4
  1025 | D:2      | Found a shattered altar of Ashenzari.
  1373 | D:2      | Reached ** piety under Lugonu
  1388 | D:2      | Noticed Robin
  1423 | D:1      | Slain by a goblin

Skill      XL: |  1  2 |
---------------+-------+-----
Dodging        | 1 |  1.5
Fighting       | |  3.7
Long Blades    | |  2.3
Armour         | |  2.7
Shields        | |  0.5
Invocations    | |  2.6

Action                   || total
-------------------------++-------
Melee: Falchion          ||   112
Invok: Depart the Abyss  ||     1
  Use: Potion            ||     5
 Stab: Sleeping          ||     1
  Eat: Chunk             ||     2
Armor: Leather armour    ||    57
Dodge: Dodged            ||   106
Block: Shield            ||    41
